Map: Dusk Towers

Players

Fropez - Winner!

  • Race: Protoss Protoss
  • League: Silver
  • Spawn Location: 1:00

Simba

  • Race: Protoss Protoss
  • League: Silver
  • Spawn Location: 7:00

VOD

Have the link to the VOD?

Description

Time

  • Played on: April 28, 2016, 7:46 p.m.
  • Length: 10:55
Show
View Real Time Build Order
Export as new Build Order

Fropez Protoss - Winner!

Build Orders: Oracle Opening 

Get SALT Encoding   

  12  0:13  Pylon  
  12  0:18  Probe (Chrono Boost)  
  13  0:28  Probe (Chrono Boost)  
  13  0:33  Gateway  
  14  0:41  Pylon  
  14  0:52  Pylon  
  14  0:59  Assimilator  
  14  1:06  Pylon  
  14  1:25  Cybernetics Core  
  14  1:29  Probe (Chrono Boost), Assimilator  
  15  1:39  Zealot  
  17  1:45  Probe (Chrono Boost)  
  18  2:09  Stargate  
  18  2:13  Probe (Chrono Boost)  
  19  2:17  Warp Gate  
  19  2:23  Probe (Chrono Boost)  
  20  2:34  Probe (Chrono Boost)  
  21  2:44  Probe (Chrono Boost)  
  22  2:51  Oracle  
  22  2:55  Probe (Chrono Boost)  
  27  3:05  Probe (Chrono Boost)  
  27  3:23  Probe (Chrono Boost)  
  28  3:27  Oracle  
  33  3:34  Mothership Core (Chrono Boost)  
  33  3:52  Probe (Chrono Boost)  
  34  4:03  Probe (Chrono Boost)  
  35  4:12  Nexus  
  35  4:15  Assimilator  
  35  4:19  Assimilator  
  35  4:20  Oracle  
  35  4:22  Pylon  
  38  4:32  Probe (Chrono Boost)  
  39  4:43  Probe (Chrono Boost)  
  39  4:44  Protoss Air Weapons Level 1 (Chrono Boost)  
  40  4:50  Zealot  
  42  4:55  Oracle  
  45  5:04  Probe  
  43  5:39  Probe  
  43  5:40  Probe  
  45  5:49  Probe  
  42  5:55  Probe  
  44  5:59  Void Ray (Chrono Boost)  
  45  6:08  Probe  
  45  6:09  Probe, Stargate  
  47  6:13  Stargate  
  47  6:24  Probe x2  
  48  6:29  Protoss Air Armor Level 1 (Chrono Boost)  
  49  6:42  Void Ray (Chrono Boost)  
  53  6:57  Void Ray (Chrono Boost)  
  57  7:18  Void Ray (Chrono Boost)  
  57  7:20  Probe  
  57  7:21  Probe  
  63  7:33  Pylon  
  63  7:41  Probe x2  
  69  7:51  Void Ray (Chrono Boost)  
  69  7:52  Pylon  
  69  7:53  Probe  
  69  7:54  Pylon  
  69  7:58  Nexus  
  70  7:59  Probe  
  70  8:09  Pylon  
  70  8:11  Void Ray (Chrono Boost), Pylon  
  75  8:12  Probe  
  75  8:13  Probe  
  76  8:22  Fleet Beacon  
  76  8:24  Probe  
  76  8:25  Probe  
  78  8:29  Void Ray (Chrono Boost)  
  82  8:35  Zealot  
  82  8:37  Probe  
  85  8:41  Gateway  
  85  8:44  Gateway  
  85  8:51  Probe  
  85  8:52  Probe  
  87  8:58  Void Ray (Chrono Boost)  
  91  9:06  Phoenix (Chrono Boost)  
  91  9:07  Probe  
  91  9:09  Probe  
  95  9:25  Probe, Assimilator  
  95  9:29  Assimilator  
  96  9:32  Pylon  
  96  9:35  Void Ray (Chrono Boost)  
  100  9:40  Void Ray (Chrono Boost), Probe  
  100  9:41  Probe x2  
  107  9:51  Probe  
  107  9:52  Zealot  
  110  9:56  Probe  
  110  9:57  Forge  
Show
View Real Time Build Order
Export as new Build Order

Simba Protoss 

Build Orders: 1 Gate Expand 

Get SALT Encoding   

  12  0:01  Probe (Chrono Boost)  
  13  0:11  Probe (Chrono Boost)  
  14  0:22  Probe (Chrono Boost)  
  14  0:24  Pylon  
  15  0:42  Probe (Chrono Boost), Gateway  
  16  0:52  Probe (Chrono Boost)  
  17  1:02  Assimilator  
  17  1:03  Probe (Chrono Boost)  
  18  1:19  Nexus  
  18  1:24  Probe (Chrono Boost)  
  19  1:38  Probe (Chrono Boost), Cybernetics Core  
  20  1:57  Pylon  
  20  1:58  Probe (Chrono Boost)  
  21  2:10  Probe (Chrono Boost)  
  21  2:13  Assimilator  
  22  2:16  Sentry  
  22  2:20  Probe (Chrono Boost)  
  25  2:23  Pylon  
  25  2:32  Probe (Chrono Boost)  
  25  2:34  Probe (Chrono Boost)  
  27  2:42  Probe (Chrono Boost)  
  28  2:46  Warp Gate  
  28  2:54  Gateway  
  28  2:55  Probe x2 (Chrono Boost)  
  28  2:56  Gateway  
  30  3:06  Mothership Core (Chrono Boost)  
  30  3:07  Probe (Chrono Boost)  
  33  3:14  Stalker  
  33  3:19  Probe (Chrono Boost)  
  36  3:28  Probe (Chrono Boost)  
  36  3:31  Probe (Chrono Boost)  
  38  3:38  Assimilator  
  38  3:40  Probe (Chrono Boost)  
  39  3:42  Assimilator  
  31  3:58  Probe x2 (Chrono Boost)  
  31  4:01  Stalker x3  
  38  4:10  Probe x2 (Chrono Boost)  
  39  4:20  Probe x2 (Chrono Boost)  
  41  4:31  Probe x2 (Chrono Boost)  
  43  4:39  Pylon  
  43  4:41  Probe (Chrono Boost)  
  43  4:42  Probe (Chrono Boost)  
  45  4:55  Probe x2 (Chrono Boost)  
  45  4:57  Stalker x2  
  45  4:58  Stalker  
  53  5:05  Probe (Chrono Boost)  
  53  5:06  Probe (Chrono Boost)  
  55  5:18  Probe x2 (Chrono Boost)  
  36  5:52  Probe (Chrono Boost)  
  36  5:53  Probe (Chrono Boost)  
  34  6:03  Probe x2 (Chrono Boost)  
  36  6:06  Nexus  
  36  6:08  Stalker x2  
  36  6:09  Pylon  
  36  6:10  Forge  
  40  6:12  Pylon  
  40  6:35  Probe x2 (Chrono Boost)  
  42  6:53  Probe x2 (Chrono Boost)  
  46  7:08  Probe x2 (Chrono Boost)  
  46  7:13  Stargate  
  46  7:16  Stargate, Protoss Air Weapons Level 1  
  46  7:19  Probe x2 (Chrono Boost)  
  48  7:25  Photon Cannon  
  48  7:31  Pylon  
  48  7:36  Sentry  
  50  7:38  Stalker x2  
  50  7:42  Photon Cannon  
  50  7:43  Probe x3 (Chrono Boost)  
  57  7:57  Probe x3 (Chrono Boost)  
  60  8:02  Stalker  
  60  8:03  Stalker x2  
  66  8:16  Probe x3 (Chrono Boost)  
  69  8:27  Stargate  
  69  8:32  Probe x3 (Chrono Boost)  
  72  8:36  Void Ray (Chrono Boost)  
  72  8:37  Void Ray (Chrono Boost)  
  80  8:41  Stalker  
  80  8:42  Probe x2 (Chrono Boost)  
  84  9:00  Probe x3 (Chrono Boost)  
  87  9:09  Probe (Chrono Boost)  
  87  9:12  Void Ray (Chrono Boost)  
  92  9:19  Void Ray (Chrono Boost)  
  92  9:21  Probe x2  
  92  9:22  Probe  
  99  9:30  Zealot, Robotics Facility  
  99  9:55  Stalker  
  101  10:04  Pylon  
  101  10:07  Pylon  
  101  10:17  Pylon  
  90  10:22  Pylon  
  90  10:27  Pylon  
  73  10:36  Stalker  
  73  10:37  Stalker x2  
Tags
 
Add a new tag
Caveats
  • Supply blocks, unpowered buildings, or Contaminate may cause inaccurate times.
  • Supply counts are checked every 10 seconds.